 Dungeon Crawl Stone Soup version 0.29.1-4-g47bece8355 (webtiles) character file.

Game seed: 18323514335279005517

330201 ChadusMaximus the Slayer (level 20, -7/204 HPs)
             Began as a Minotaur Fighter on Dec 9, 2022.
             Was a High Priest of Okawaru.
             Killed from afar by Mara (illusionary) (24 damage)
             ... with a bolt of fire
             ... on level 1 of the Depths on Dec 10, 2022.
             The game lasted 01:11:14 (42403 turns).

ChadusMaximus the Slayer (Minotaur Fighter)        Turns: 42403, Time: 01:11:14

Health: -7/204     AC: 30    Str: 37    XL:     20   Next: 84%
Magic:  22/26      EV: 12    Int:  6    God:    Okawaru [*****.]
Gold:   3160       SH: 23    Dex:  9    Spells: 19/19 levels left

rFire   . . .      SeeInvis +   i - +6 war axe of Doubt {holy, SInv}
rCold   + + .      Faith    .   a - +0 tower shield
rNeg    + + .      Spirit   .   R - +0 ice dragon scales
rPois   +          Reflect  .   (helmet restricted)
rElec   +          Harm     .   W - +2 cloak of Ru's Esteem {rElec Will+}
rCorr   .          Rampage  .   N - +2 pair of gloves "Nullagh" {+Inv rF+ rN++ Dex-4}
Will    +++..                   M - +0 pair of boots {Fly}
Stlth   +.........              c - amulet "Does" {Drain rPois Will+ Regen+}
HPRegen 1.24/turn               D - ring "Zaecrul" {rPois Str+4 Int+3 SInv}
MPRegen 0.20/turn               C - +6 ring of strength

@: about to teleport, heroic, finesse-ful, flying
A: horns 2, retaliatory headbutt, dopey 1
}: 2/15 runes: decaying, serpentine
a: Renounce Religion, Evoke Invisibility, Heroism, Finesse, Duel


You were on level 1 of the Depths.
You worshipped Okawaru.
Okawaru was extremely pleased with you.
You visited 8 branches of the dungeon, and saw 36 of its levels.
You also visited: Ice Cave.

You collected 4239 gold pieces.
You spent 1079 gold pieces at shops.

Inventory:

Hand Weapons
 i - the +6 war axe of Doubt (weapon) {holy, SInv}
   (You acquired it on level 5 of the Dungeon)

   It has been blessed by the Shining One to cause great damage to the undead
   and demons.
   SInv:      It lets you see invisible.
Missiles
 x - a throwing net
 I - 5 atropa-tipped darts
 Q - 10 silver javelins (quivered)
 S - 4 datura-tipped darts
 X - 4 javelins
Armour
 a - a +0 tower shield (worn)
 M - a +0 pair of boots of flying (worn)
 N - the +2 pair of gloves "Nullagh" (worn) {+Inv rF+ rN++ Dex-4}
   (You found it on level 2 of the Lair of Beasts)

   Dex:       It affects your dexterity (-4).
   rF:        It protects you from fire.
   rN:        It greatly protects you from negative energy.
   +Inv:      It lets you turn invisible.
 R - +0 ice dragon scales (worn)
 W - the +2 cloak of Ru's Esteem (worn) {rElec Will+}
   (You found it on level 3 of the Lair of Beasts)

   rElec:     It insulates you from electricity.
   Will:      It increases your willpower.
Jewellery
 c - an amulet "Does" (around neck) {Drain rPois Will+ Regen+}
   (You found it in an ice cave)

   [amulet of regeneration]

   rPois:     It protects you from poison.
   Regen:     It increases your rate of health regeneration.
   Drain:     It drains your maximum health when unequipped.
   Will:      It increases your willpower.
 l - an amulet of regeneration
 y - an amulet of the acrobat
 C - a +6 ring of strength (right hand)
 D - the ring "Zaecrul" (left hand) {rPois Str+4 Int+3 SInv}
   (You found it on level 7 of the Dungeon)

   [ring of see invisible]

   Str:       It affects your strength (+4).
   Int:       It affects your intelligence (+3).
   rPois:     It protects you from poison.
   SInv:      It lets you see invisible.
 E - a +4 ring of evasion
Wands
 L - a wand of digging (15)
Scrolls
 b - 8 scrolls of enchant weapon
 e - 4 scrolls of fear
 f - 4 scrolls of fog
 j - 9 scrolls of enchant armour
 k - 14 scrolls of teleportation
 n - 3 scrolls of vulnerability
 r - 2 scrolls of brand weapon
 w - 16 scrolls of identify
 z - 6 scrolls of torment
 A - 4 scrolls of blinking
 H - 7 scrolls of noise
 P - 2 scrolls of magic mapping
 U - 3 scrolls of immolation
 V - 4 scrolls of amnesia
 Z - 9 scrolls of poison
Potions
 d - 7 potions of might
 g - 4 potions of heal wounds
 h - 4 potions of cancellation
 m - 4 potions of magic
 o - 7 potions of haste
 p - 9 potions of lignification
 q - a potion of ambrosia
 s - a potion of invisibility
 u - 3 potions of brilliance
 v - 22 potions of curing
 F - 5 potions of attraction
 G - 4 potions of mutation
 J - 4 potions of degeneration
 T - 2 potions of flight
 Y - 4 potions of berserk rage
Miscellaneous
 t - a phial of floods
 B - a phial of floods
 K - a phial of floods
 O - a lightning rod (4/4)


   Skills:
 + Level 23.4(27) Fighting
 + Level 22.9(27) Axes
 - Level 8.4(13.4) Throwing
 + Level 21.6(26.6) Armour
 + Level 21.6(26.6) Shields
 - Level 10.0 Invocations


You had 19 spell levels left.
You didn't know any spells.
Your spell library contained the following spells:

 Spells                   Type           Power      Damage    Failure   Level
 Freeze                   Ice            0%         1d3       56%         1
 Sting                    Tmut/Pois      0%         1d3       56%         1
 Blink                    Tloc           0%         N/A       71%         2
 Poisonous Vapours        Pois/Air       0%         N/A       71%         2
 Scorch                   Fire           0%         2d5       71%         2
 Static Discharge         Conj/Air       0%         3-3/arc   71%         2
 Conjure Flame            Conj/Fire      0%         6-21      91%         3
 Frozen Ramparts          Ice            0%         1d1       91%         3
 Gell's Gravitas          Tloc           0%         N/A       91%         3
 Ignite Poison            Fire/Tmut/Pois 0%         N/A       91%         3
 Inner Flame              Hex/Fire       0%         N/A       91%         3
 Lesser Beckoning         Tloc           0%         N/A       91%         3
 Ozocubu's Armour         Ice            0%         N/A       91%         3
 Portal Projectile        Hex/Tloc       0%         N/A       91%         3
 Teleport Other           Tloc           0%         N/A       91%         3
 Corpse Rot               Necr/Pois/Air  0%         N/A       100%        4
 Dispel Undead            Necr           0%         3d6       100%        4
 Flame Wave               Conj/Fire      0%         2d4       100%        4
 Hailstorm                Conj/Ice       0%         3d3       100%        4
 Ice Form                 Ice/Tmut       0%         N/A       100%        4
 Leda's Liquefaction      Hex/Erth       0%         N/A       100%        4
 Olgreb's Toxic Radiance  Pois           0%         N/A       100%        4
 Passage of Golubria      Tloc           0%         N/A       100%        4
 Sticky Flame             Conj/Fire      0%         2d3       100%        4
 Blade Hands              Tmut           0%         N/A       100%        5
 Freezing Cloud           Conj/Ice/Air   0%         6-21      100%        5
 Lightning Bolt           Conj/Air       0%         1d11      100%        5
 Manifold Assault         Tloc           0%         N/A       100%        5
 Silence                  Hex/Air        0%         N/A       100%        5
 Ozocubu's Refrigeration  Ice            0%         4d7       100%        7
 Storm Form               Tmut/Air       0%         N/A       100%        7
 Lehudib's Crystal Spear  Conj/Erth      0%         10d2      100%        8
 Maxwell's Capacitive Co  Air            0%         ∞         100%        8
 Call Canine Familiar     Summ           Unusable   N/A       N/A         3
 Tukima's Dance           Hex            Unusable   N/A       N/A         3
 Summon Lightning Spire   Summ/Air       Unusable   N/A       N/A         4
 Death Channel            Necr           Unusable   N/A       N/A         6
 Simulacrum               Ice/Necr       Unusable   N/A       N/A         6
 Summon Cactus Giant      Summ           Unusable   N/A       N/A         6

Dungeon Overview and Level Annotations

Branches:
Dungeon (15/15)            Temple (1/1) D:4            Lair (5/5) D:10
  Swamp (4/4) Lair:2        Snake (4/4) Lair:3        Slime (0/5) Lair:4
    Orc (2/2) D:10            Elf (0/3) Orc:2        Vaults (4/5) D:14
  Crypt (0/3) Vaults:2     Depths (1/4) D:15          IceCv (visited)

Altars:
Ashenzari
Cheibriados
Elyvilon
Gozag
Makhleb
Okawaru
Qazlal
Ru
Sif Muna
Trog
Uskayaw
Wu Jian
Xom
Yredelemnul
Zin
The Shining One
Jiyva

Shops:
Orc:2 =?[?   Snake:3 (   Vaults:1 [

Portals:
Pandemonium: Orc:2

Annotations:
D:7 2 runed translucent doors
Lair:3 exclusion: oklob plant
Snake:4 3 runed translucent doors, CungeonDrawl's ghost, adept DjCj; Idwoq's ghost, journeyman MiBe; ripuliukko's ghost, adept GrEE; vinnietd's ghost, adept HaFi
Depths:1 Mara


Innate Abilities, Weirdness & Mutations

You have a pair of horns on your head.
You reflexively headbutt those who attack you in melee.
You are dopey. (Int -2)


Message History

* * * LOW HITPOINT WARNING * * *
You completely miss Mara. You hit Mara.
Mara convulses.
You slice Mara!!
Mara convulses!
Mara is heavily wounded.
You miss Mara. You closely miss Mara. You headbutt Mara, but do no damage.
Mara is heavily wounded.
You hit Mara.
Mara convulses.
Mara blinks!
Mara smirks. "I am one who seeks the Path and the Right."
Mara hits you but does no damage. Mara gestures at you.
The bolt of fire misses you.
You slice Mara!!
Mara convulses!
Mara is heavily wounded.
You slash Mara!
Mara convulses!
Mara is heavily wounded.
Mara says, "What good are steel and magic against my illusions?"
You block Mara's attack. Mara misses you.
Mara hits you with a +3 demon trident of freezing.
* * * LOW HITPOINT WARNING * * *
You closely miss Mara.
Mara is heavily wounded.
You miss Mara. Your headbutt misses Mara.
Mara is heavily wounded.
You slash Mara!
Mara convulses.
Mara is severely wounded.
Mara hits you from afar with a +3 demon trident of freezing!!
* * * LOW HITPOINT WARNING * * *
You block Mara's attack. x2
You closely miss Mara. You headbutt Mara!
Mara is severely wounded.
Blink to where?
Press: ? - help, Dir - move target
As you read the scroll of blinking, it crumbles to dust.
Mara blinks!
As you read the scroll of teleportation, it crumbles to dust.
You feel strangely unstable. Mara gestures at you. The bolt of fire hits you!!
You die...

.............
+.........#
#####+##....§....#
#.........R[.....#
#.........R)§....#
#................#
#........#########
+........# #.#
#....@...# #.#
#........# ...
#........# #..
#........# #.#
#........# ###.#
#.......># .##.####
#.......## <##....#
#.......#
.'.....#####.).....##


You could see 2 Maras.

Vanquished Creatures
  Saint Roka (Snake:3)
  Mlioglotl (Snake:3)
  A tentacled monstrosity (Swamp:3)
  Asterion (Arena)
  Jorgrun (Arena)
  Rupert (D:14)
  2 quicksilver dragons (Snake:4)
  A sphinx (Vaults:3)
  Frances (D:12)
  7 nagarajas
  A revenant (Vaults:2)
  Agnes (Arena)
  Aizul (Snake:3)
  8 vault wardens
  4 orc warlords
  A frost giant (Depths:1)
  A curse skull (Vaults:2)
  4 very ugly things
  A stone giant (Vaults:4)
  19 ironbound preservers
  6 ironbound thunderhulks
  2 eleionomae
  2 deep elf demonologists
  11 dire elephants
  2 bunyips
  An ettin (Vaults:3)
  A shambling mangrove (Swamp:4)
  A jiangshi (Vaults:2)
  A fire dragon (Depths:1)
  7 great orbs of eyes
  10 yaktaur captains
  4 salamander tyrants
  6 ghost crabs
  11 vault guards
  2 catoblepae
  A merfolk avatar (Lair:5)
  4 ice dragons (Swamp:4)
  2 boulder beetles
  11 hydras
  9 ironbound frosthearts
  6 centaur warriors
  2 demonspawn (Orc:2)
  12 anacondas
  12 alligators
  8 naga warriors
  A two-headed ogre (D:12)
  6 death yaks (IceCv)
  2 shock serpents
  7 orc high priests
  A vampire mage (Vaults:2)
  3 tengu warriors
  A spriggan berserker (Depths:1)
  3 sun demons
  Amaemon (Lair:3)
  11 naga sharpshooters
  A titan skeleton (Depths:1)
  3 sixfirhies (D:14)
  A spark wasp zombie (Depths:1)
  3 goliath frogs
  4 skeletal warriors (D:13)
  2 salamander mystics
  50 deep trolls
  3 naga ritualists
  3 swamp dragons
  A sea snake (Lair:5)
  A deep troll (shapeshifter) (D:15)
  2 bog bodies
  5 spriggan druids
  8 wizards
  4 phantasmal warriors
  14 ironbound convokers
  2 necromancers
  5 lindwurms
  12 orc knights
  A deep elf pyromancer (D:14)
  A harpy (Lair:5)
  5 manticores
  A harpy (shapeshifter) (D:15)
  7 mana vipers
  7 orc sorcerers
  A fire giant zombie (Depths:1)
  4 cyclopes
  A sphinx skeleton (Vaults:1)
  A shining eye (shapeshifter) (Vaults:4)
  15 slime creatures
  38 ugly things
  8 naga magi
  14 salamanders
  10 vault sentinels
  41 black mambas
  6 guardian serpents
  7 elephants (Lair:5)
  3 rust devils (D:14)
  A frost giant skeleton (Depths:1)
  3 smoke demons (D:14)
  5 orange demons
  3 gargoyles
  An ice statue (IceCv)
  15 cane toads
  9 rime drakes
  3 kobold demonologists
  7 komodo dragons
  2 unseen horrors
  30 yaktaurs
  2 ice devils (D:14)
  4 freezing wraiths (Swamp:4)
  2 hellwings
  A yaktaur skeleton (Vaults:1)
  3 meliai (D:11)
  8 tyrant leeches
  4 trolls
  A tengu conjurer (D:15)
  4 wind drakes (Lair:5)
  A red devil (Orc:2)
  10 polar bears
  2 human skeletons
  A bloated husk (Swamp:1)
  A queen bee (D:10)
  11 hornets
  24 blink frogs
  6 spriggans
  A wraith (D:7)
  An ettin skeleton (Vaults:1)
  A vampire (D:12)
  2 wyverns
  65 yaks
  3 neqoxecs (D:14)
  3 basilisks
  Eustachio (D:6)
  2 chaos spawn (D:14)
  2 steam dragons
  4 swamp worm simulacra (Swamp:4)
  19 vampire mosquitoes
  3 wargs
  24 nagas
  13 swamp worms
  29 water moccasins
  4 acid dragons
  13 hydra simulacra (Swamp:4)
  35 orc warriors
  4 black bears
  An orc zombie (Vaults:1)
  A swamp drake (Swamp:3)
  5 ice beasts
  3 sky beasts
  9 ogres
  4 centaurs
  23 wolves
  3 phantoms
  9 kobold brigands (D:9)
  13 bullfrogs
  6 scorpions
  A necrophage (D:7)
  2 gnoll sergeants
  14 wights
  22 killer bees
  2 howler monkeys
  3 electric eels
  2 jellies
  23 orc priests
  3 hounds
  4 iguanas (D:6)
  Natasha (thrice) (D:2)
  23 orc wizards
  5 hell rats (Lair:3)
  7 gnolls
  6 adders
  A shadow imp (D:7)
  A white imp (D:6)
  4 swamp drake simulacra (Swamp:4)
  An ufetubus (D:7)
  2 worms
  3 dart slugs
  68 orcs
  7 bats
  6 endoplasms
  3 giant cockroaches
  3 goblins
  7 hobgoblins
  6 kobolds
  3 quokkas
  3 training dummies (Snake:3)
  10 ball pythons
  3 frilled lizards
  10 rats
1254 creatures vanquished.

Vanquished Creatures (others)
  2 eleionomae
  A bunyip (Swamp:2)
  A wizard (Vaults:4)
  An ugly thing (Vaults:2)
  3 bloated husks
  A spriggan (Swamp:1)
  A swamp worm (Swamp:2)
  An ufetubus (D:7)
  An endoplasm (D:3)
  A demonic plant (D:14)
  36 fungi
  98 plants
147 creatures vanquished.

Grand Total: 1401 creatures vanquished

Notes
Turn   | Place    | Note
-------+----------+-------------------------------------------
     0 | D:1      | ChadusMaximus the Minotaur Fighter began the quest for the
                  | Orb.
     0 | D:1      | Reached XP level 1. HP: 19/19 MP: 0/0
    71 | D:1      | Reached XP level 2. HP: 27/27 MP: 1/1
   149 | D:1      | Found a faded altar of an unknown god.
   350 | D:1      | Reached skill level 4 in Fighting
   792 | D:2      | Noticed Natasha
   798 | D:2      | Killed Natasha
   799 | D:2      | Reached XP level 3. HP: 29/33 MP: 2/2
   933 | D:2      | Noticed Natasha
   934 | D:2      | Reached XP level 4. HP: 30/40 MP: 3/3
   943 | D:2      | Killed Natasha
  1542 | D:2      | Noticed Natasha
  1549 | D:2      | Killed Natasha
  1550 | D:2      | Reached XP level 5. HP: 42/47 MP: 4/4
  2268 | D:3      | Reached skill level 5 in Fighting
  2435 | D:3      | Reached skill level 5 in Armour
  2445 | D:3      | Reached skill level 5 in Shields
  2772 | D:4      | Reached XP level 6. HP: 49/56 MP: 5/5
  2772 | D:4      | Identified the +7 spear of Visopo {vorpal, Str+5 Int+5}
  2927 | D:4      | Found a staircase to the Ecumenical Temple.
  3580 | D:5      | Entered Level 5 of the Dungeon
  3587 | D:5      | Reached XP level 7. HP: 58/62 MP: 6/6
  3592 | D:5      | Reached skill level 5 in Axes
  3624 | D:5      | Reached skill level 6 in Fighting
  3932 | D:5      | Reached XP level 8. HP: 61/71 MP: 7/7
  4379 | D:6      | Reached skill level 7 in Fighting
  5120 | D:6      | Noticed Eustachio
  5127 | D:6      | Killed Eustachio
  5193 | D:6      | Reached skill level 8 in Fighting
  5193 | D:6      | Reached XP level 9. HP: 81/81 MP: 8/8
  5492 | Temple   | Entered the Ecumenical Temple
  5541 | Temple   | Became a worshipper of Warmaster Okawaru
  5584 | D:5      | Identified a scroll of acquirement
  5590 | D:5      | Acquired the +6 war axe of Doubt {holy, SInv}
  6153 | D:7      | Found a large runed translucent door.
  6154 | D:7      | Found a large runed translucent door.
  6162 | D:7      | Noticed an unseen horror
  6162 | D:7      | Noticed a cyclops
  6184 | D:7      | Reached * piety under Okawaru
  6204 | D:7      | Noticed a gargoyle
  6213 | D:7      | Killed a gargoyle
  6214 | D:7      | Reached skill level 9 in Fighting
  6474 | D:7      | Found a large runed translucent door.
  6474 | D:7      | Found a large runed translucent door.
  6980 | D:7      | Killed a cyclops
  6980 | D:7      | Reached ** piety under Okawaru
  6981 | D:7      | Reached XP level 10. HP: 87/91 MP: 6/9
  6988 | D:7      | Identified the ring "Zaecrul" {rPois Str+4 Int+3 SInv}
  7136 | D:7      | Found a stormy altar of Qazlal.
  7962 | D:9      | Reached skill level 1 in Invocations
  8021 | D:9      | Identified the +7 scale mail of Filth {rN+ rCorr}
  8129 | D:9      | Reached skill level 10 in Fighting
  8235 | D:9      | Found the +7 Throatcutter {drain, coup de grace}
  8236 | D:9      | Noticed an orange demon
  8244 | D:9      | Reached skill level 10 in Armour
  8245 | D:9      | Noticed a rust devil
  8246 | D:9      | Reached skill level 10 in Shields
  8248 | D:9      | Reached *** piety under Okawaru
  8964 | D:10     | Entered Level 10 of the Dungeon
  9043 | D:10     | Reached **** piety under Okawaru
  9276 | D:10     | Identified the +3 rapier "Xyssiez" {speed, rC+ Str+2 Int+3}
  9308 | D:10     | Found a staircase to the Lair.
  9320 | D:10     | Reached XP level 11. HP: 94/101 MP: 13/13
  9422 | D:10     | Reached skill level 5 in Invocations
 10191 | D:10     | Found a staircase to the Orcish Mines.
 10761 | Lair:1   | Entered Level 1 of the Lair of Beasts
 10776 | Lair:1   | Acquired a manual of Axes
 10817 | Lair:1   | Reached skill level 11 in Fighting
 10817 | Lair:1   | Reached skill level 1 in Throwing
 10821 | Lair:1   | Reached ***** piety under Okawaru
 11041 | Lair:1   | Received a gift from Okawaru
 11627 | Lair:1   | Noticed a seven-headed hydra
 11909 | Lair:1   | Killed an 11-headed hydra
 12339 | Lair:2   | Reached skill level 5 in Throwing
 12433 | Lair:2   | Found a staircase to the Swamp.
 12668 | Lair:2   | Identified the +2 pair of gloves "Nullagh" {+Inv rF+ rN++
                  | Dex-4}
 12713 | Lair:2   | Reached XP level 12. HP: 103/112 MP: 15/15
 12999 | Lair:2   | Received a gift from Okawaru
 13000 | Lair:2   | Reached skill level 12 in Fighting
 13619 | Lair:3   | Reached skill level 10 in Axes
 13695 | Lair:3   | Identified the +5 war axe of Cifyfavu {spect, rC- Will-
                  | rCorr Str+6}
 13734 | Lair:3   | Found a staircase to the Snake Pit.
 13779 | Lair:3   | Found a frozen archway.
 13790 | IceCv    | Entered an ice cave
 13889 | IceCv    | Identified the +1 broad axe of Huykhado {drain, rC+}
                  | (Okawaru gifted it to you in an ice cave)
 13889 | IceCv    | Received a gift from Okawaru
 14729 | IceCv    | Noticed a death yak
 14729 | IceCv    | Noticed a death yak
 14730 | IceCv    | Noticed a death yak
 14739 | IceCv    | Killed a death yak
 14745 | IceCv    | Killed a death yak
 14746 | IceCv    | Reached skill level 13 in Fighting
 14753 | IceCv    | Killed a death yak
 14876 | IceCv    | Noticed a death yak
 14884 | IceCv    | Received a gift from Okawaru
 14889 | IceCv    | Killed a death yak
 14890 | IceCv    | Reached XP level 13. HP: 88/122 MP: 15/17
 15481 | IceCv    | Got the Textbook on the Frosty Oath
 15499 | IceCv    | Identified an amulet "Does" {Drain rPois Will+ Regen+}
 16061 | Lair:3   | Noticed Amaemon
 16072 | Lair:3   | Killed Amaemon
 16072 | Lair:3   | Received a gift from Okawaru
 16084 | Lair:3   | Identified the +2 cloak of Ru's Esteem {rElec Will+}
 16812 | Lair:4   | Received a gift from Okawaru
 16917 | Lair:4   | Reached ****** piety under Okawaru
 17137 | Lair:4   | Found a viscous altar of Jiyva.
 17138 | Lair:4   | Found a staircase to the Slime Pits.
 17366 | Lair:5   | Entered Level 5 of the Lair of Beasts
 17374 | Lair:5   | Reached skill level 14 in Fighting
 17599 | Arena    | Entered the Arena
 17722 | Lair:5   | Reached XP level 14. HP: 126/133 MP: 19/19
 17971 | Lair:5   | Reached skill level 15 in Axes
 18385 | Lair:5   | Identified the +1 demon trident "Embalmer" {drain, rN+}
 20431 | D:12     | Reached skill level 15 in Armour
 20434 | D:12     | Reached skill level 15 in Fighting
 20483 | D:12     | Reached skill level 15 in Shields
 20613 | D:12     | Received a gift from Okawaru
 20771 | D:12     | Acquired a manual of Fighting
 20824 | D:12     | Noticed Frances
 20834 | D:12     | Killed Frances
 22095 | D:14     | Reached skill level 16 in Fighting
 22247 | D:14     | Found an opulent altar of Gozag.
 22441 | D:14     | Received a gift from Okawaru
 22450 | D:14     | Identified the +8 sling "Mumene Heog" {flame, MP+9 Dex+4}
                  | (Okawaru gifted it to you on level 14 of the Dungeon)
 22450 | D:14     | Received a gift from Okawaru
 22507 | D:14     | Noticed Rupert
 22517 | D:14     | Killed Rupert
 22518 | D:14     | Reached XP level 15. HP: 136/145 MP: 18/20
 22589 | D:14     | Found a gate to the Vaults.
 22746 | D:14     | Gained mutation: You are dopey. (Int -2) [a neqoxec]
 22764 | D:14     | Reached skill level 17 in Fighting
 23085 | D:15     | Entered Level 15 of the Dungeon
 23168 | D:15     | Received a gift from Okawaru
 23257 | D:15     | Noticed Agnes
 23269 | Arena    | Entered the Arena
 23278 | Arena    | Killed Agnes
 23698 | D:15     | Received a gift from Okawaru
 24086 | D:15     | Found a staircase to the Depths.
 24626 | Orc:1    | Entered Level 1 of the Orcish Mines
 24650 | Orc:1    | Reached skill level 18 in Fighting
 24835 | Orc:2    | Entered Level 2 of the Orcish Mines
 24869 | Orc:2    | Found a burning altar of Makhleb.
 24902 | Orc:2    | Found a staircase to the Elven Halls.
 24993 | Orc:2    | Found a shimmering blue altar of Sif Muna.
 25169 | Orc:2    | Found Bokapno's Magic Scroll Emporium.
 25170 | Orc:2    | Found Yskasov's Magic Scroll Shoppe.
 25270 | Orc:2    | Bought 2 scrolls of blinking for 195 gold pieces
 25270 | Orc:2    | Bought a scroll of teleportation for 39 gold pieces
 25270 | Orc:2    | Bought 3 scrolls of teleportation for 117 gold pieces
 25273 | Orc:2    | Bought a scroll of acquirement for 728 gold pieces
 25320 | Orc:2    | Noticed an orc warlord
 25342 | Orc:2    | Killed an orc warlord
 25609 | Orc:2    | Identified the +7 ring mail of Meisol {Harm rPois rF-
                  | Stlth+} (Okawaru gifted it to you on level 2 of the Orcish
                  | Mines)
 25609 | Orc:2    | Received a gift from Okawaru
 25610 | Arena    | Entered the Arena
 25732 | Orc:2    | Reached XP level 16. HP: 145/159 MP: 19/21
 25747 | Orc:2    | Found Yhe Suer's Antique Armour Shop.
 25747 | Orc:2    | Found Quneutso's Jewellery Boutique.
 25748 | Orc:2    | Found a one-way gate leading to the halls of Pandemonium.
 26238 | Snake:1  | Entered Level 1 of the Snake Pit
 26285 | Snake:1  | Reached skill level 19 in Fighting
 26691 | Snake:1  | Identified the +2 pair of gloves of Compassion {Rampage
                  | rElec}
 27016 | Snake:2  | Received a gift from Okawaru
 27160 | Snake:2  | Received a gift from Okawaru
 27237 | Snake:2  | Found a stormy altar of Qazlal.
 27525 | Snake:2  | Acquired 515 gold pieces
 27556 | Snake:2  | Reached skill level 20 in Fighting
 27556 | Snake:2  | Reached XP level 17. HP: 162/170 MP: 22/22
 28447 | Snake:3  | Received a gift from Okawaru
 28627 | Snake:3  | Found Esymiy's Firing Range.
 28744 | Snake:3  | Noticed Saint Roka
 28747 | Snake:3  | Noticed Mlioglotl
 28762 | Snake:3  | Killed Saint Roka
 28766 | Snake:3  | Killed Mlioglotl
 29760 | Snake:4  | Entered Level 4 of the Snake Pit
 29763 | Snake:4  | Noticed Aizul
 29793 | Snake:3  | Killed Aizul
 29793 | Snake:3  | Identified the +1 pair of gloves "Nufiotu" {Harm rPois rC-
                  | SInv} (Okawaru gifted it to you on level 3 of the Snake
                  | Pit)
 29793 | Snake:3  | Received a gift from Okawaru
 29794 | Snake:3  | Reached XP level 18. HP: 63/180 MP: 17/23
 30051 | Snake:4  | Found a glowing golden altar of the Shining One.
 30248 | Snake:4  | Identified the +0 chain mail of the Kangaroo {Harm Fly rF+
                  | Stlth-}
 30451 | Snake:4  | Found a runed translucent gate.
 30452 | Snake:4  | Found a runed translucent gate.
 30452 | Snake:4  | Found a runed translucent gate.
 30453 | Snake:4  | Noticed CungeonDrawl's ghost (adept DjCj)
 30453 | Snake:4  | Noticed ripuliukko's ghost (adept GrEE)
 30453 | Snake:4  | Noticed vinnietd's ghost (adept HaFi)
 30453 | Snake:4  | Noticed Idwoq's ghost (journeyman MiBe)
 30703 | Snake:4  | Reached skill level 21 in Fighting
 30711 | Snake:4  | Got a serpentine rune of Zot
 31094 | Snake:4  | Noticed Asterion
 31106 | Arena    | Entered the Arena
 31108 | Arena    | Killed Asterion
 31562 | Swamp:1  | Entered Level 1 of the Swamp
 31959 | Swamp:1  | Received a gift from Okawaru
 31960 | Swamp:1  | Reached skill level 10 in Invocations
 32577 | Swamp:2  | Received a gift from Okawaru
 33253 | Swamp:3  | Found a white marble altar of Elyvilon.
 33301 | Swamp:3  | Noticed Jorgrun
 33306 | Arena    | Entered the Arena
 33313 | Arena    | Killed Jorgrun
 33537 | Swamp:3  | Noticed a tentacled monstrosity
 33548 | Swamp:3  | Killed a tentacled monstrosity
 33588 | Swamp:4  | Entered Level 4 of the Swamp
 34696 | Swamp:4  | Received a gift from Okawaru
 34697 | Swamp:4  | Reached XP level 19. HP: 148/190 MP: 25/25
 34777 | Swamp:4  | Got a decaying rune of Zot
 35070 | Vaults:1 | Entered Level 1 of the Vaults
 35895 | Vaults:1 | You fall into a shaft and drop 1 floor!
 35987 | Vaults:2 | Identified the amulet "Imigret" {Reflect Fragile +Blink
                  | Int+3 SH+5}
 36020 | Vaults:2 | Received a gift from Okawaru
 36238 | Vaults:2 | Reached skill level 22 in Fighting
 36281 | Vaults:2 | Found a staircase to the Crypt.
 36291 | Vaults:2 | Received a gift from Okawaru
 36628 | Vaults:2 | Identified the +3 pair of gloves "Kowom" {rC+ rCorr}
                  | (Okawaru gifted it to you on level 2 of the Vaults)
 36628 | Vaults:2 | Received a gift from Okawaru
 37590 | Vaults:1 | Found Ucrion's Antique Armour Boutique.
 38238 | Vaults:3 | Reached XP level 20. HP: 184/202 MP: 26/26
 38915 | Vaults:3 | Received a gift from Okawaru
 39363 | Vaults:3 | Reached skill level 23 in Fighting
 42268 | Depths:1 | Entered Level 1 of the Depths
 42360 | Depths:1 | Noticed Mara
 42366 | Depths:1 | Noticed ChadusMaximus's illusion
 42403 | Depths:1 | Killed from afar by Mara (illusionary)

Illustrated notes

Levels and vault maps discovered:
D:1:      roderic_chinese_lattice_arrival, layout_loops_ring,
          hellmonk_ecumenical_altar_crossroads
D:2:      minmay_angry_zag, layout_rooms, uniq_natasha
D:3:      layout_loops_ring, lemuel_flame_loot_1
D:4:      layout_loops_cross, minmay_temple_entry_antechambers
D:5:      layout_rooms, serial_park_tiny_1, kennysheep_cluttered_room,
          due_unseen_surprise
D:6:      layout_loops_cross, uniq_eustachio
D:7:      layout_cave_pools, nicolae_overflow_hidden_temple, serial_park,
          serial_park_square3 [serial_park_minivault_5x5_5], serial_park_square1
          [serial_park_minivault_5x5_6], serial_park_tiny_pond,
          serial_park_tiny_2, minmay_hollow_rounded_squares
D:8:      layout_basic
D:9:      layout_cave_pools, nicolae_lava_and_water,
          dilly_guarded_unrand_throatcut
D:10:     layout_roguey, dpeg_oklobed_lair, nicolae_looking_at_the_future
D:11:     layout_basic
D:12:     layout_big_octagon, minmay_misc_feat_hallway, uniq_frances
D:13:     layout_basic
D:14:     layout_roguey, erik_vaults_2, serial_demonic, serial_demonic_b,
          serial_demonic_g, serial_demonic_g, serial_demonic_c,
          serial_demonic_g, serial_demonic_f, serial_demonic_a,
          serial_demonic_c, serial_demonic_g, serial_demonic_c,
          minmay_tree_intersection, grunt_gozag_statues, uniq_rupert
D:15:     hangedman_depths_entry_try_elsewhere_first, layout_cave_pools,
          serial_co_window_serial, co_window_corner_a, co_window_paths_a,
          co_window_paths_a, co_window_paths_b, co_window_corner_a,
          co_window_paths_b, co_window_corner_a, co_window_corner_a,
          co_window_paths_a, co_window_broadway_a, co_window_broadway_c,
          co_window_corner_ca, co_window_broadway_c, co_window_corner_b,
          co_window_corner_cb, co_window_paths_e, glass_columns_b,
          glass_columns_a, glass_columns_c, glass_columns_c, uniq_agnes
Temple:   compressed_dpeg_triangle_lava_temple
Lair:1:   cheibrodos_lair_river_kwai, layout_loops_ring,
          grunt_forest_stairs_basic, grunt_megastairs_5
Lair:2:   layout_loops_ring, minmay_swamp_entry_swarm
Lair:3:   layout_chaotic_city, minmay_snake_entry_six_corridors,
          portal_ice_cave_rime, minmay_lair_oklob_bushes, serial_bayou_shore_b,
          uniq_amaemon
Lair:4:   layout_misc_corridors, slime_entry_1
Lair:5:   gammafunk_lair_ancient_temple, layout_regular_city,
          nicolae_quartered_pool_little, st_stairs_7
Swamp:1:  layout_falls_marsh, evilmike_swamp_ruin_house_5
Swamp:2:  layout_falls_marsh, nicolae_swamp_big_swirl, roderic_carrion_pond
Swamp:3:  layout_falls_marsh, lemuel_altar_in_water, uniq_jorgrun
Swamp:4:  swamp_icy, layout_basic_swamp, swamp_pool1, infiniplex_staircase_pool
Snake:1:  layout_onion, statue_in_the_mist_lemuel, serial_bayou_pond_e
Snake:2:  layout_gridlike, basic_altar, nrook_guardian_serpent_ordinary
Snake:3:  layout_honeycomb, nicolae_shop_firing_range, nicolae_triple_integral,
          uniq_mlioglotl, uniq_saint_roka
Snake:4:  hellmonk_snake_rune_quicksilver_temple, layout_misc_corridors,
          gammafunk_ghost_cemetery, basic_altar, nicolae_snake_squiggles,
          uniq_asterion, uniq_aizul
Orc:1:    layout_diamond_mine
Orc:2:    pf_orc_diabolical, layout_caves, basic_altar,
          kennysheep_orc_sif_temple
Vaults:1: v_misc_27, ontoclasm_vaults_misaligned, nicolae_vaults_triangles,
          vaults_standard_mumra_lines, v_misc_29, v_rooms_5,
          hangedman_vaults_impose, v_alt_pattern_6,
          nicolae_vaults_little_squares_4, layout_vaults_big_cross,
          serial_shops, shop
Vaults:2: hangedman_vaults_impose, st_lattice, v_misc_23, v_misc_25,
          minmay_crypt_entry_simple_statues, nicolae_vaults_little_squares_6,
          nicolae_vaults_bisected_slash, ontoclasm_vaults_ligature,
          ontoclasm_vaults_decontamination, grunt_vaults_hallway_long,
          grunt_vaults_trifunnel, nicolae_vaults_network_square,
          ontoclasm_vaults_pinch, hangedman_vaults_nails,
          nicolae_vaults_little_squares_2, layout_vaults_ring
Vaults:3: v_misc_30, v_misc_8, nicolae_vaults_know_your_exits, vaults_room_pool,
          v_misc_11, nicolae_vaults_twisting_passages,
          nicolae_vaults_hallways_thing, vaults_dpeg_hooks,
          hangedman_vaults_snaps, v_misc_30, v_misc_19, vaults_room_boxed,
          serial_ice_h, grunt_vaults_hallway_short, layout_vaults_omnibox
Vaults:4: vaults_room_pools, v_misc_25, v_misc_23, nicolae_vaults_puzzle_piece,
          grunt_vaults_funnel, hangedman_vaults_hard_town_square,
          nicolae_vaults_specimen_jars, nicolae_vaults_three_branches,
          nicolae_vaults_little_squares_6, ontoclasm_vaults_twist,
          ontoclasm_vaults_hangar, nicolae_vaults_circle_grid_b,
          ontoclasm_vaults_eye, hangedman_vaults_restitches,
          layout_vaults_maze_bifur
Depths:1: layout_gridlike, hellmouth_2, nicolae_hepliaklqana_hippocampus,
          grunt_absolute_annihilation, uniq_mara

Skill      XL: |  1  2  3  4  5  6  7  8  9 10 11 12 13 14 15 16 17 18 19 20 |
---------------+-------------------------------------------------------------+-----
Fighting       | 4 5 6 8 9 10 11 13 14 16 18 20 21 22 23 | 23.4
Armour         | 4 5 6 7 9 10 11 13 14 15 17 18 19 20 21 | 21.6
Shields        | 4 5 6 7 9 10 11 13 14 15 17 18 19 20 21 | 21.6
Axes           | 3 4 6 7 9 12 14 17 18 19 20 21 22 | 22.9
Invocations    | 4 5 7 8 10 | 10.0
Throwing       | 5 8 |  8.4

Action                   |  1- 3 |  4- 6 |  7- 9 | 10-12 | 13-15 | 16-18 | 19-21 || total
-------------------------+-------+-------+-------+-------+-------+-------+-------++-------
Melee: War axe           |    60 |   104 |    63 |   484 |  1057 |   957 |   980 ||  3705
       Headbutt          |     8 |     6 |    39 |    93 |   213 |   239 |   333 ||   931
       Spear             |       |    29 |   108 |       |       |       |       ||   137
Throw: Dart              |       |       |       |    12 |     4 |     3 |     2 ||    21
       Javelin           |       |       |       |       |    37 |    56 |     8 ||   101
       Throwing net      |       |       |       |       |     2 |     1 |       ||     3
       Boomerang         |       |       |       |       |       |   107 |       ||   107
Invok: Heroism           |       |       |     2 |    13 |    34 |    36 |    25 ||   110
       Finesse           |       |       |       |     1 |     7 |     7 |     6 ||    21
       Duel              |       |       |       |       |     3 |     2 |       ||     5
  Use: Potion            |       |       |     1 |     2 |     2 |     2 |     1 ||     8
       Scroll            |       |       |    12 |     9 |     9 |     5 |     3 ||    38
 Stab: Petrified         |       |       |       |       |     4 |       |       ||     4
       Distracted        |       |       |       |       |     1 |       |       ||     1
       Held in net/web   |       |       |       |       |     1 |       |       ||     1
Armor: Scale mail        |    37 |    54 |    52 |    50 |       |       |       ||   193
       Plate armour      |       |       |       |   176 |       |       |       ||   176
       Ice dragon scales |       |       |       |    24 |   385 |   382 |   306 ||  1097
Dodge: Dodged            |    36 |    47 |    57 |   259 |   283 |   233 |   213 ||  1128
Block: Buckler           |    17 |    29 |    49 |   166 |    11 |       |       ||   272
       Kite shield       |       |       |       |       |   474 |       |       ||   474
       Tower shield      |       |       |       |       |   152 |   896 |   799 ||  1847
